 Dungeon Crawl Stone Soup version 0.25-a0-869-g05d4e06a41 (webtiles) character file.

Game seed: 9999094411431406619, levelgen mode: deterministic

179 Maedhros the Poker (level 5, -3/36 HPs)
             Began as an Octopode Chaos Knight on May 1, 2020.
             Was a Plaything of Xom.
             Slain by a scorpion (9 damage)
             ... on level 3 of the Dungeon.
             The game lasted 00:02:50 (3173 turns).

Maedhros the Poker (Octopode Chaos Knight)          Turns: 3173, Time: 00:02:51

Health: -3/36      AC:  1    Str: 11    XL:     5   Next: 59%
Magic:  5/5        EV: 13    Int: 14    God:    Xom [...*..]
Gold:   72         SH:  0    Dex: 13    Spells: 4/4 levels left

rFire    . . .     SeeInvis .   a - +0 spear (chaos)
rCold    . . .     Gourm    .   (no shield)
rNeg     . . .     Faith    .   (helmet restricted)
rPois    .         Spirit   .   (no amulet)
rElec    .         Reflect  .   (no ring)
rCorr    .         Harm     .   (no ring)
MR       .....                  (no ring)
Stlth    ++........             (no ring)
HPRegen  0.12/turn              (no ring)
MPRegen  0.09/turn              (no ring)
                                (no ring)
                                (no ring)

@: lethally poisoned (-3 -> -9)
A: almost no armour, stealthy swim, amphibious, 8 rings, constrict 8, camouflage
1, gelatinous body 1
a: Renounce Religion


You were on level 3 of the Dungeon.
You worshipped Xom.
You were a favourite toy of Xom.
You were not hungry.

You visited 1 branch of the dungeon, and saw 3 of its levels.

You collected 72 gold pieces.

Inventory:

Hand Weapons
 a - a +0 spear of chaos (weapon)
Missiles
 m - 34 poisoned darts (quivered)
Scrolls
 d - 2 scrolls of identify {unknown}
 e - 6 scrolls of remove curse {unknown}
 f - a scroll of fear {unknown}
 g - 2 scrolls of enchant armour {unknown}
 h - a scroll of magic mapping {unknown}
Potions
 k - a potion of mutation {unknown}
 l - 2 potions of might {unknown}
Comestibles
 b - 2 rations
 i - 4 chunks of flesh


   Skills:
 - Level 3.0 Fighting
 + Level 6.1 Polearms
 - Level 2.3 Dodging


You had 4 spell levels left.
You didn't know any spells.
Your spell library was empty.

Dungeon Overview and Level Annotations

Branches:
Dungeon (3/15)

Altars:


Innate Abilities, Weirdness & Mutations

You cannot wear most types of armour.
You are very stealthy in the water. (Stealth+)
You are amphibious.
You can wear up to eight rings at the same time.
You can use your tentacles to constrict eight enemies at once.
Your skin changes colour to match your surroundings (Stealth+).
Your rubbery body absorbs attacks. (AC +1, EV +1)


Message History

You constrict the scorpion, but do no damage.
The scorpion stings you.
You are poisoned.
The scorpion poisons you!
It was a potion of stabbing.
You feel ready to backstab.
Xom is highly amused!
You constrict the scorpion, but do no damage.
You feel sick. The scorpion stings you!
* * * LOW HITPOINT WARNING * * *
It was a potion of cancellation.
Your magical effects are unravelling.
You feel magically purged.
Xom thinks this is hilarious!
You feel less ready to backstab.
You constrict the scorpion, but do no damage.
* * * LOW HITPOINT WARNING * * *
You feel sick. The scorpion stings you!
You die...
Xom howls with laughter!

#.......#.###.###.........###..
#...##....# #.# #.....#....#...
#......######.# #.#..(.....#...
#...#...####..###.#...##...#...
#.. ##..##...###....#.##....... #
#.....### #..###.##.#.....
#.##..#####..# #.......... ######
#...)..##.s..###..#.##.(†.
.....###....#...@#.##...##.###...
............##........#....##))).
.).....#...##......######.....()#
.......#...#######...#####...#((.
.......#>[.....###.#.............
....[..#...###......####....)....
.......#...# #####...##...(.†....
.......#...# ####.#..#..........
.......##### #........†.........


You could see a scorpion.

Vanquished Creatures
  An orc warrior (D:3)
  Natasha (D:3)
  2 worms
  5 dart slugs
  2 leopard geckos
  2 orcs (D:3)
  4 bats
  2 giant cockroaches
  5 goblins
  5 hobgoblins
  3 jackals (D:1)
  5 kobolds
  4 frilled lizards
  6 rats
47 creatures vanquished.

Vanquished Creatures (collateral kills)
  An orc wizard (D:3)
  Natasha (D:3)
  A worm (D:3)
  A leopard gecko (D:3)
  4 orcs (D:3)
  3 hobgoblins (D:3)
  A kobold (D:3)
  A frilled lizard (D:3)
13 creatures vanquished.

Vanquished Creatures (others)
  An orc (D:3)
  A bat (D:3)
  A jackal (D:3)
  A ball python (D:3)
4 creatures vanquished.

Grand Total: 64 creatures vanquished

Notes
Turn   | Place    | Note
-------+----------+-------------------------------------------
     0 | D:1      | Maedhros the Octopode Chaos Knight began the quest for the
                  | Orb.
     0 | D:1      | Reached XP level 1. HP: 16/16 MP: 1/1
    53 | D:1      | Reached XP level 2. HP: 20/21 MP: 2/2
    88 | D:1      | XOM: silly message
   563 | D:1      | XOM: cloud trail
   765 | D:1      | XOM: 7-stop teleportation journey
   968 | D:1      | XOM: cloud trail
  1001 | D:1      | Reached skill level 4 in Polearms
  1156 | D:1      | Reached XP level 3. HP: 26/26 MP: 3/3
  1251 | D:1      | XOM: noise
  2689 | D:1      | XOM: cloud trail
  2847 | D:2      | XOM: divination: detect items
  2847 | D:2      | Noticed a scorpion
  2848 | D:3      | Noticed Natasha
  2848 | D:3      | Noticed an orc warrior
  2848 | D:3      | XOM: silly message
  2849 | D:3      | XOM: enchant monster (bad)
  2852 | D:3      | XOM: destruction
  2857 | D:3      | XOM: enchant monster (good)
  2865 | D:3      | Killed Natasha
  2868 | D:3      | Killed an orc warrior
  2868 | D:3      | Reached skill level 5 in Polearms
  2868 | D:3      | Reached XP level 4. HP: 25/31 MP: 4/4
  2868 | D:3      | Reached XP level 5. HP: 29/36 MP: 5/5
  3044 | D:3      | Killed Natasha
  3044 | D:3      | Reached skill level 6 in Polearms
  3173 | D:3      | Slain by a scorpion

Levels and vault maps discovered:
D:1:      lightli_arrival_boilingwater, layout_basic, chequers_big_river
D:2:      layout_rooms, kennysheep_okawaru_gauntlet, first_ration
D:3:      layout_rooms, uniq_natasha

Skill      XL: |  1  2  3  4  5 |
---------------+----------------+-----
Polearms       | 4 5 6 |  6.1
Fighting       | |  3.0
Dodging        | |  2.3

Action                   |  1- 3 |  4- 6 || total
-------------------------+-------+-------++-------
Melee: Spear             |    90 |    37 ||   127
       Constrict         |    16 |     8 ||    24
       Tentacles         |     5 |     6 ||    11
  Use: Potion            |     1 |     2 ||     3
 Stab: Distracted        |     1 |       ||     1
       Confused          |     1 |       ||     1
       Sleeping          |     3 |     2 ||     5
       Petrified         |     1 |       ||     1
  Eat: Chunk             |     4 |     3 ||     7
Armor: Skin              |     5 |       ||     5
Dodge: Dodged            |    60 |    26 ||    86

Table legend:
 A = Non-vault XP
 B = Vault XP
 C = Vault XP percentage of total XP
 D = Non-vault monster count
 E = Vault monster count
 F = Vault count percentage of total count
                 A         B        C        D         E       F
            +---------+---------+-------+---------+---------+-------
      Total |     245 |      11 |   4.3 |      58 |       1 |   1.7
            +---------+---------+-------+---------+---------+-------
        D:1 |      37 |       0 |   0.0 |      19 |       0 |   0.0
        D:2 |      22 |       0 |   0.0 |      11 |       0 |   0.0
        D:3 |     186 |      11 |   5.6 |      28 |       1 |   3.4
            +---------+---------+-------+---------+---------+-------
